 Dungeon Crawl Stone Soup version 0.19-a0-1899-g2d93087 (webtiles) character file.

258 dobroeutro the Shooter (level 5, -7/47 HPs)
             Began as a Centaur Hunter on Oct 20, 2016.
             Mangled by dobroeutro's ghost (12 damage)
             ... on level 4 of the Dungeon.
             The game lasted 00:05:39 (3290 turns).

dobroeutro the Shooter (Centaur Hunter)             Turns: 3290, Time: 00:05:39

Health: -7/47      AC:  8    Str: 15    XL:     5   Next: 94%
Magic:  5/5        EV:  9    Int: 10    God:
Gold:   142        SH:  0    Dex: 10    Spells: 0 memorised, 4 levels left

rFire  . . .     SeeInvis .     a - +1 shortbow
rCold  . . .     Gourm    .     c - +0 leather armour
rNeg   . . .     Faith    .     (shield currently unavailable)
rPois  .         Spirit   .     r - +0 helmet
rElec  .         Reflect  .     q - +0 cloak {MR+}
rCorr  .         Harm     .     v - +0 pair of gloves
MR     +....     Rnd*Tele +     (no barding)
Stlth  ..........               (no amulet)
                                o - ring of teleportation (curse)
                                e - +1 ring of protection

@: drained, very quick
A: hooves 3, deformed body, speed 2, tough skin 3
a: no special abilities


You were on level 4 of the Dungeon.
You were not hungry.

You visited 1 branch of the dungeon, and saw 4 of its levels.

You collected 142 gold pieces.

Inventory:

Hand Weapons
 a - a +1 shortbow (weapon)
 b - a +0 short sword
Missiles
 d - 86 arrows (quivered)
Armour
 c - a +0 leather armour (worn)
 q - a +0 cloak of magic resistance (worn)
 r - a +0 helmet (worn)
 v - a +0 pair of gloves (worn)
Jewellery
 e - a +1 ring of protection (left hand)
 o - a cursed ring of teleportation (right hand)
Scrolls
 g - 2 scrolls of recharging {unknown}
 l - 2 scrolls of enchant armour {unknown}
 m - a scroll of teleportation {unknown}
 s - 3 scrolls of remove curse
 u - a scroll of identify {unknown}
 x - 3 scrolls of magic mapping {unknown}
Potions
 h - 3 potions of curing {unknown}
 i - 2 potions of degeneration {unknown}
 k - a potion of agility {unknown}
 p - 2 potions of cure mutation {unknown}
 w - a potion of haste {unknown}
Comestibles
 f - 3 bread rations
 j - 2 meat rations
 n - 3 fruits


   Skills:
 + Level 4.6(3.9) Fighting
 + Level 7.7(6.9) Bows
 - Level 1.3(0.7) Dodging
 - Level 0.4(0.0) Stealth


You had 4 spell levels left.
You didn't know any spells.

Dungeon Overview and Level Annotations

Branches:
Dungeon (4/15)
 Temple: D:4-7

Altars:

Annotations:
D:4 Grinder; Pikel; dobroeutro's ghost, amateur CeHu


Innate Abilities, Weirdness & Mutations

You have hooves in place of feet.
Armour fits poorly on your strangely shaped body.
You cover ground very quickly.
You have extremely tough skin. (AC +3)


Message History

[Y]es or [N]o only, please.
Really attack while wielding your +1 shortbow?
You closely miss dobroeutro's ghost. Your kick misses dobroeutro's ghost.
Dobroeutro's ghost is lightly damaged.
Dobroeutro's ghost hits you but does no damage.
The orc closely misses you. Dobroeutro's ghost hits you.
* * * LOW HITPOINT WARNING * * *
Unknown command.
You clumsily bash dobroeutro's ghost but do no damage.
Your kick misses dobroeutro's ghost.
Dobroeutro's ghost is lightly damaged.
Dobroeutro's ghost hits you.
* * * LOW HITPOINT WARNING * * *
The orc barely misses you.
You clumsily bash dobroeutro's ghost but do no damage.
Your kick misses dobroeutro's ghost.
Dobroeutro's ghost is lightly damaged.
Dobroeutro's ghost closely misses you. The orc hits you but does no damage.
You feel drained. Dobroeutro's ghost hits you!
You die...

#.# ###(###
#...(.#
########.###.###
.......<.# #...#
.........###.#.#
####....{5.....#
#.###o#.##..#
##. #@#o##..#
#...##W#.##5.#
.......o..##..#
##...##.####..#
##. #.. #..# ..
.###....# ##
#.#.#....#
#.##p....##
.#.#.......##


You could see Grinder, dobroeutro's ghost and 2 orcs.

Vanquished Creatures
  A jelly (D:3)
  Crazy Yiuf (D:2)
  An orc priest (D:3)
  An orc wizard (D:3)
  Robin (D:2)
  4 adders
  3 oozes
  2 worms (D:3)
  2 dart slugs (D:3)
  2 leopard geckos (D:2)
  4 orcs (D:3)
  3 giant cockroaches
  14 goblins
  A hobgoblin (D:1)
  5 jackals
  A quokka (D:3)
  A ball python (D:2)
  13 bats
  4 frilled lizards
  6 kobolds
  7 rats
  A fungus (D:2)
78 creatures vanquished.

Notes
Turn   | Place    | Note
-------+----------+-------------------------------------------
     0 | D:1      | dobroeutro the Centaur Hunter began the quest for the Orb.
     0 | D:1      | Reached XP level 1. HP: 17/17 MP: 1/1
     7 | D:1      | Noticed a black mamba
     7 | D:1      | Noticed a swamp worm
     8 | D:1      | Noticed a hound
   155 | D:1      | Reached XP level 2. HP: 16/25 MP: 2/2
   833 | D:2      | Reached skill level 6 in Bows
   833 | D:2      | Reached XP level 3. HP: 22/30 MP: 3/3
  1402 | D:2      | Found a runed door.
  1407 | D:2      | Noticed Crazy Yiuf
  1419 | D:2      | Killed Crazy Yiuf
  1419 | D:2      | Reached XP level 4. HP: 27/39 MP: 4/4
  1711 | D:3      | Noticed Robin
  2029 | D:2      | Killed Robin
  2161 | D:3      | Reached skill level 7 in Bows
  2161 | D:3      | Reached XP level 5. HP: 46/46 MP: 5/5
  3076 | D:4      | Noticed a slave
  3077 | D:4      | Noticed a slave
  3182 | D:4      | Noticed Pikel
  3183 | D:4      | Noticed dobroeutro's ghost (amateur CeHu)
  3184 | D:4      | Noticed a slave
  3251 | D:4      | Noticed Grinder
  3260 | D:4      | Paralysed by Grinder for 2 turns
  3290 | D:4      | Mangled by dobroeutro's ghost

Vault maps used:
D:1:      onia_arrival_zoo_common, minmay_pentomino_s4
D:2:      first_bread, uniq_crazy_yiuf_cottage
D:3:      uniq_robin
D:4:      serial_glass, glass_columns_a, glass_columns_a,
          kennysheep_generic_room_5, uniq_grinder, uniq_pikel

Skill      XL: |  1  2  3  4 |
---------------+-------------+-----
Bows           | 6 7 |  7.7
Fighting       | 3 4 |  4.6
Dodging        | |  1.3
Stealth        | |  0.4

Action                   |  1- 3 |  4- 6 || total
-------------------------+-------+-------++-------
Melee: Short sword       |   120 |   189 ||   309
       Kick              |    18 |    37 ||    55
       Shortbow          |       |     3 ||     3
 Fire: Shortbow          |    20 |    32 ||    52
  Use: Scroll            |     1 |       ||     1
  Eat: Chunk             |       |     6 ||     6
Armor: Leather armour    |    52 |   103 ||   155
Dodge: Dodged            |    69 |    75 ||   144
